APL (24 & UNDER)
EL PASO TEXANS @ DETROIT DIRTY SNOW
05/25/2030
 
TOP OF THE 1ST
El Paso Texans batting - Pitching for Detroit Dirty Snow : RHP Alberto Bustamante
Pitching: RHP Alberto Bustamante
Batting: LHB Mark Spencer 0-0: Fly out, F7 (Flyball, 78S)
Batting: RHB Cole Boehmer 0-0: Called Strike
0-1: Called Strike
0-2: Fly out, F8 (Line Drive, 89M)
Batting: RHB Howard Lynch 0-0: Ball
1-0: Called Strike
1-1: Foul Ball, location: 2F
1-2: Strikes out swinging
Top of the 1st over - 0 runs, 0 hits, 0 errors, 0 left on base; El Paso 0 - Detroit 0
BOTTOM OF THE 1ST
Detroit Dirty Snow batting - Pitching for El Paso Texans : RHP Derek Baker
Pitching: RHP Derek Baker
Batting: RHB Bobby Hendricks 0-0: Called Strike
0-1: Foul Ball, location: 2F
0-2: Foul Ball, location: 2F
0-2: Foul Ball, location: 2F
0-2: Strikes out looking
Batting: LHB Luis Salazar 0-0: Ball
1-0: Ball
2-0: SINGLE (Groundball, 6MD)
Batting: RHB Gustavo López 0-0: Fielders Choice at 2nd, 4-6 (Groundball, 4)
Batting: SHB Víctor Torres 0-0: Ball
1-0: Called Strike
Gustavo López is caught stealing 2nd base
Bottom of the 1st over - 0 runs, 1 hit, 0 errors, 0 left on base; El Paso 0 - Detroit 0
TOP OF THE 2ND
El Paso Texans batting - Pitching for Detroit Dirty Snow : RHP Alberto Bustamante
Batting: RHB Domingo Morales 0-0: Ball
1-0: Ground out 6-3 (Groundball, 56)
Batting: SHB António Cervantes 0-0: Swinging Strike
0-1: Ball
1-1: Foul Ball, location: 2F
1-2: Foul Ball, location: 2F
1-2: Foul Ball, location: 2F
1-2: Fly out, F9 (Flyball, 9S)
Batting: SHB Oliver Riley 0-0: Fly out, F8 (Flyball, 8LM)
Top of the 2nd over - 0 runs, 0 hits, 0 errors, 0 left on base; El Paso 0 - Detroit 0
BOTTOM OF THE 2ND
Detroit Dirty Snow batting - Pitching for El Paso Texans : RHP Derek Baker
Batting: SHB Víctor Torres 0-0: Ball
1-0: Called Strike
1-1: Ground out 4-3 (Groundball, 4)
Batting: LHB Al Cramer 0-0: Called Strike
0-1: SINGLE (Groundball, 6) (infield hit)
Batting: LHB Lee Jenkins 0-0: Ball
Throwing error on steal attempt, E2
Al Cramer to third
1-0: Ball
2-0: Called Strike
2-1: DOUBLE (Groundball, 3L)
Al Cramer scores
Batting: RHB António Aguilera 0-0: Foul Ball, location: 2F
0-1: Ball
1-1: Swinging Strike
1-2: SINGLE (Groundball, 56D)
Lee Jenkins to third
Batting: RHB Scott Graves 0-0: Ball
1-0: Called Strike
1-1: Ball
2-1: Ball
3-1: Foul Ball, location: 2F
3-2: Foul Ball, location: 2F
3-2: Strikes out swinging
Batting: RHB Phil Poole 0-0: Ball
1-0: Called Strike
1-1: Ball
2-1: Foul Ball, location: 2F
2-2: Ball
3-2: Foul Ball, location: 2F
3-2: Base on Balls
António Aguilera to second
Batting: RHB Bobby Hendricks 0-0: Foul Ball, location: 2F
0-1: Ball
1-1: Called Strike
1-2: Ball
2-2: Ball
3-2: SINGLE (Flyball, 7S)
Lee Jenkins scores
António Aguilera to third
Phil Poole to second
António Aguilera scores
Phil Poole to third
Batting: LHB Luis Salazar 0-0: Ball
1-0: Ball
2-0: Ball
3-0: Base on Balls
Bobby Hendricks to second
Batting: RHB Gustavo López 0-0: Fly out, F7 (Flyball, 78D)
Bottom of the 2nd over - 3 runs, 4 hits, 1 error, 3 left on base; El Paso 0 - Detroit 3
TOP OF THE 3RD
El Paso Texans batting - Pitching for Detroit Dirty Snow : RHP Alberto Bustamante
Batting: LHB John Fitzgerald 0-0: Ball
1-0: Foul Ball, location: 2F
1-1: Foul Ball, location: 2F
1-2: Ball
2-2: Ground out 3-1 (Groundball, 34)
Batting: RHB Gabriel Santana 0-0: Swinging Strike
0-1: Ball
1-1: Foul Ball, location: 2F
1-2: Ball
2-2: Foul Ball, location: 2F
2-2: Strikes out swinging
Batting: SHB Miguel Hurtado 0-0: Swinging Strike
0-1: Ball
1-1: Swinging Strike
1-2: Ball
2-2: Strikes out swinging
Top of the 3rd over - 0 runs, 0 hits, 0 errors, 0 left on base; El Paso 0 - Detroit 3
BOTTOM OF THE 3RD
Detroit Dirty Snow batting - Pitching for El Paso Texans : RHP Derek Baker
Batting: SHB Víctor Torres 0-0: Ball
1-0: Swinging Strike
1-1: Called Strike
1-2: Strikes out swinging
Batting: LHB Al Cramer 0-0: Ball
1-0: Ball
2-0: Called Strike
2-1: Ground out 6-3 (Groundball, 6)
Batting: LHB Lee Jenkins 0-0: Ball
1-0: Foul Ball, location: 2F
1-1: Foul Ball, location: 2F
1-2: SINGLE (Flyball, 78S)
Batting: RHB António Aguilera 0-0: Ball
1-0: Foul Ball, location: 2F
1-1: Ball
2-1: Called Strike
2-2: Strikes out swinging
Bottom of the 3rd over - 0 runs, 1 hit, 0 errors, 1 left on base; El Paso 0 - Detroit 3
TOP OF THE 4TH
El Paso Texans batting - Pitching for Detroit Dirty Snow : RHP Alberto Bustamante
Batting: LHB Mark Spencer 0-0: Called Strike
0-1: SINGLE (Groundball, 5D)
Batting: RHB Cole Boehmer 0-0: Ball
1-0: Reached on error, E5 (Groundball, 5S)
Mark Spencer to third
Batting: RHB Howard Lynch 0-0: Foul Ball, location: 2F
0-1: Ground out 6-3 (Groundball, 6)
Mark Spencer scores
Batting: RHB Domingo Morales 0-0: Ball
1-0: Ground out 6-3 (Groundball, 56D)
Batting: SHB António Cervantes 0-0: Foul Ball, location: 2F
0-1: Foul Ball, location: 2F
0-2: Ball
1-2: Ground out U3 (Groundball, 34)
Top of the 4th over - 1 run, 1 hit, 1 error, 1 left on base; El Paso 1 - Detroit 3
BOTTOM OF THE 4TH
Detroit Dirty Snow batting - Pitching for El Paso Texans : RHP Derek Baker
Batting: RHB Scott Graves 0-0: Swinging Strike
0-1: Ball
1-1: SINGLE (Groundball, 34D)
Batting: RHB Phil Poole 0-0: Swinging Strike
0-1: Ball
1-1: Swinging Strike
1-2: Strikes out swinging
Batting: RHB Bobby Hendricks 0-0: Swinging Strike
0-1: Ball
Scott Graves steals 2nd base
1-1: Ball
2-1: Ground out 3-1 (Groundball, 34S)
Scott Graves to third
Pitching: RHP Mark Thompson
Batting: LHB Luis Salazar 0-0: Ball
1-0: Fly out, F8 (Flyball, 8LD)
Bottom of the 4th over - 0 runs, 1 hit, 0 errors, 1 left on base; El Paso 1 - Detroit 3
TOP OF THE 5TH
El Paso Texans batting - Pitching for Detroit Dirty Snow : RHP Alberto Bustamante
Batting: SHB Oliver Riley 0-0: Foul Ball, location: 2F
0-1: Ball
1-1: Called Strike
1-2: Ball
2-2: Foul Ball, location: 2F
2-2: Strikes out swinging
Batting: LHB John Fitzgerald 0-0: Called Strike
0-1: Ground out 4-3 (Groundball, 4)
Batting: RHB Gabriel Santana 0-0: Foul Ball, location: 2F
0-1: Ball
1-1: Ball
2-1: Foul Ball, location: 2F
2-2: Foul Ball, location: 2F
2-2: Ball
3-2: Base on Balls
Batting: SHB Miguel Hurtado 0-0: Ball
1-0: Foul Ball, location: 2F
1-1: Foul Ball, location: 2F
1-2: Ball
2-2: 2-RUN HOME RUN (Flyball, 9LD), Distance : 358 ft
Batting: LHB Mark Spencer 0-0: Ball
1-0: Called Strike
1-1: Ball
2-1: Ball
3-1: Ground out 4-3 (Groundball, 4D)
Top of the 5th over - 2 runs, 1 hit, 0 errors, 0 left on base; El Paso 3 - Detroit 3
BOTTOM OF THE 5TH
Detroit Dirty Snow batting - Pitching for El Paso Texans : RHP Mark Thompson
Batting: RHB Gustavo López 0-0: Foul Ball, location: 2F
0-1: Fly out, F7 (Flyball, 7S)
Batting: SHB Víctor Torres 0-0: Ball
1-0: Called Strike
1-1: Reached on error, E4 (Groundball, 4S)
Batting: LHB Al Cramer 0-0: Ground out U3 (Groundball, 23)
Víctor Torres to third
Batting: LHB Lee Jenkins 0-0: Ball
1-0: Ball
2-0: DOUBLE (Line Drive, 9LD)
Víctor Torres scores
Batting: RHB António Aguilera 0-0: Ball
1-0: Foul Ball, location: 2F
1-1: Called Strike
1-2: Ground out 6-3 (Groundball, 6M)
Bottom of the 5th over - 1 run, 1 hit, 1 error, 1 left on base; El Paso 3 - Detroit 4
TOP OF THE 6TH
El Paso Texans batting - Pitching for Detroit Dirty Snow : RHP Alberto Bustamante
Batting: RHB Cole Boehmer 0-0: Called Strike
0-1: SINGLE (Flyball, 56D)
Batting: RHB Howard Lynch 0-0: Ball
1-0: Called Strike
1-1: Ball
2-1: Called Strike
2-2: Ball
3-2: Base on Balls
Cole Boehmer to second
Batting: RHB Domingo Morales 0-0: Ball
1-0: Called Strike
1-1: Called Strike
1-2: Foul Ball, location: 2F
1-2: Ball
2-2: Ball
3-2: Fly out, F7 (Flyball, 7LMF)
Pitching: RHP Jesús Mendoza
Batting: SHB António Cervantes 0-0: Called Strike
0-1: Called Strike
0-2: Strikes out swinging
Batting: SHB Oliver Riley 0-0: Ground out 4-3 (Groundball, 4)
Top of the 6th over - 0 runs, 1 hit, 0 errors, 2 left on base; El Paso 3 - Detroit 4
BOTTOM OF THE 6TH
Detroit Dirty Snow batting - Pitching for El Paso Texans : RHP Mark Thompson
Batting: RHB Scott Graves 0-0: Ball
1-0: SINGLE (Groundball, 34) (infield hit)
Batting: RHB Phil Poole 0-0: Fly out, F9 (Flyball, 9)
Batting: RHB Bobby Hendricks 0-0: Called Strike
0-1: Ball
1-1: Grounds into double play, 6-4-3 (Groundball, 6)
Bottom of the 6th over - 0 runs, 1 hit, 0 errors, 0 left on base; El Paso 3 - Detroit 4
TOP OF THE 7TH
El Paso Texans batting - Pitching for Detroit Dirty Snow : RHP Jesús Mendoza
Batting: LHB John Fitzgerald 0-0: Fly out, F8 (Line Drive, 89M)
Batting: RHB Gabriel Santana 0-0: Ground out 5-3 (Groundball, 56S)
Batting: SHB Miguel Hurtado 0-0: Called Strike
0-1: Ball
1-1: Ball
2-1: Foul Ball, location: 2F
2-2: Ball
3-2: Foul Ball, location: 2F
3-2: Fly out, F9 (Flyball, 89M)
Top of the 7th over - 0 runs, 0 hits, 0 errors, 0 left on base; El Paso 3 - Detroit 4
BOTTOM OF THE 7TH
Detroit Dirty Snow batting - Pitching for El Paso Texans : RHP Mark Thompson
Batting: LHB Luis Salazar 0-0: Foul Ball, location: 2F
0-1: Fly out, F7 (Flyball, 7)
Batting: RHB Gustavo López 0-0: Ball
1-0: SINGLE (Line Drive, 7S)
Batting: SHB Víctor Torres 0-0: Ball
1-0: Ball
2-0: Ball
3-0: Called Strike
3-1: Base on Balls
Gustavo López to second
Batting: LHB Al Cramer 0-0: DOUBLE (Line Drive, 78D)
Gustavo López scores
Víctor Torres to third
Batting: LHB Lee Jenkins 0-0: Intentional Walk
Batting: RHB António Aguilera 0-0: Ball
1-0: Ball
2-0: Ball
3-0: Called Strike
3-1: Base on Balls
Víctor Torres scores
Al Cramer to third
Lee Jenkins to second
Pitching: RHP Carlos Longoria
Batting: RHB Scott Graves 0-0: Called Strike
0-1: Ball
1-1: Foul Ball, location: 2F
1-2: Ball
2-2: Ball
3-2: Foul Ball, location: 2F
3-2: Foul Ball, location: 2F
3-2: Foul Ball, location: 2F
3-2: Base on Balls
Al Cramer scores
Lee Jenkins to third
António Aguilera to second
Batting: RHB Phil Poole 0-0: Called Strike
0-1: Ball
1-1: Foul Ball, location: 2F
1-2: SINGLE (Groundball, 34D)
Lee Jenkins scores
António Aguilera to third
Scott Graves to second
Runner from 3rd tries for Home, SAFE, no throw
Batting: RHB Bobby Hendricks 0-0: Ball
1-0: Grounds into double play, 6-4-3 (Groundball, 6)
Bottom of the 7th over - 5 runs, 3 hits, 0 errors, 1 left on base; El Paso 3 - Detroit 9
TOP OF THE 8TH
El Paso Texans batting - Pitching for Detroit Dirty Snow : RHP Jesús Mendoza
Batting: LHB Mark Spencer 0-0: Ball
1-0: Ball
2-0: Ball
3-0: Called Strike
3-1: Foul Ball, location: 2F
3-2: Base on Balls
Batting: RHB Cole Boehmer 0-0: Ball
1-0: SINGLE (Groundball, 56S) (infield hit)
Mark Spencer to second
Batting: RHB Howard Lynch 0-0: Ball
1-0: Ball
2-0: Called Strike
2-1: Grounds into double play, 5-4-3 (Groundball, 5)
Mark Spencer to third
Batting: RHB Domingo Morales 0-0: Called Strike
0-1: Ball
1-1: Ball
2-1: Foul Ball, location: 2F
2-2: Foul Ball, location: 2F
2-2: Ball
3-2: Foul Ball, location: 2F
3-2: Foul Ball, location: 2F
3-2: Foul Ball, location: 2F
3-2: Strikes out swinging
Top of the 8th over - 0 runs, 1 hit, 0 errors, 1 left on base; El Paso 3 - Detroit 9
BOTTOM OF THE 8TH
Detroit Dirty Snow batting - Pitching for El Paso Texans : RHP Carlos Longoria
Batting: LHB Luis Salazar 0-0: Foul Ball, location: 2F
0-1: Ball
1-1: Foul Ball, location: 2F
1-2: Ball
2-2: Ball
3-2: Base on Balls
Batting: RHB Gustavo López 0-0: Called Strike
0-1: Ball
1-1: Ball
2-1: Swinging Strike
2-2: Foul Ball, location: 2F
2-2: Strikes out swinging
Batting: SHB Víctor Torres 0-0: Ball
1-0: Called Strike
1-1: Ball
2-1: Ball
Luis Salazar steals 2nd base
3-1: Base on Balls
Batting: LHB Al Cramer 0-0: Called Strike
0-1: Ball
1-1: Called Strike
Víctor Torres is caught stealing 2nd base
1-2: Hit by Pitch
Batting: LHB Lee Jenkins 0-0: Called Strike
0-1: Called Strike
0-2: Ground out 4-3 (Groundball, 4)
Bottom of the 8th over - 0 runs, 0 hits, 0 errors, 2 left on base; El Paso 3 - Detroit 9
TOP OF THE 9TH
El Paso Texans batting - Pitching for Detroit Dirty Snow : RHP Jesús Mendoza
Batting: SHB António Cervantes 0-0: Called Strike
0-1: Ball
1-1: Ball
2-1: DOUBLE (Line Drive, 8LXD)
Batting: SHB Oliver Riley 0-0: Ball
1-0: Called Strike
1-1: Called Strike
1-2: Ball
2-2: Fly out, F5 (Popup, 25F)
Batting: LHB John Fitzgerald 0-0: Ball
1-0: Ball
2-0: Ball
3-0: Called Strike
3-1: Base on Balls
Batting: RHB Gabriel Santana 0-0: Called Strike
0-1: Ball
1-1: Foul Ball, location: 2F
1-2: Foul Ball, location: 2F
1-2: Ball
2-2: Ball
3-2: Fly out, F7 (Line Drive, 7)
Batting: SHB Miguel Hurtado 0-0: Called Strike
0-1: Ball
1-1: Ball
2-1: SINGLE (Groundball, 34D)
António Cervantes to third
John Fitzgerald to second
Batting: LHB Mark Spencer 0-0: Called Strike
0-1: Ground out 4-3 (Groundball, 4)
Top of the 9th over - 0 runs, 2 hits, 0 errors, 3 left on base; El Paso 3 - Detroit 9
Saturday, April 7th, 2018 - OOTP Baseball 18.8 Build 76